 Dungeon Crawl Stone Soup version 0.29-a0-275-g389c0b56f3 (webtiles) character file.

Game seed: 8850782893890712141

1294 spaghetti the Skirmisher (level 8, -1/45 HPs)
             Began as a Vine Stalker Fighter on Mar 12, 2022.
             Was a Priest of Dithmenos.
             Slain by a wyvern (10 damage)
             ... on level 5 of the Dungeon.
             The game lasted 00:07:43 (4353 turns).

spaghetti the Skirmisher (Vine Stalker Fighter)     Turns: 4353, Time: 00:07:43

Health: -1/45      AC: 13    Str: 18    XL:     8   Next: 56%
Magic:  0/9        EV: 11    Int: 14    God:    Dithmenos [***...]
Gold:   279        SH: 10    Dex: 17    Spells: 5/7 levels left

rFire   . . .      SeeInvis .   g - +0 dagger (venom) {short}
rCold   . . .      Faith    .   c - +0 buckler
rNeg    . . .      Spirit   +   b - +0 scale mail
rPois   +          Reflect  +   (no helmet)
rElec   .          Harm     .   z - +1 cloak {rPois}
rCorr   .          Rampage  .   (no gloves)
Will    +....                   o - +0 pair of boots
Stlth   ..........              t - amulet of reflection
HPRegen 0.95/turn               k - +4 ring of protection
MPRegen 0.11/turn               x - +6 ring of intelligence

@: wreathed by umbra
A: fangs 3, regeneration 1, magic shield, antimagic bite, no potion heal 2
a: Renounce Religion, Shadow Step


You were on level 5 of the Dungeon.
You worshipped Dithmenos.
Dithmenos was most pleased with you.
You visited 1 branch of the dungeon, and saw 5 of its levels.

You collected 279 gold pieces.


Innate Abilities, Weirdness & Mutations

You have razor-sharp teeth.
Your natural rate of healing is unusually fast.
When hurt, damage is shared between your health and your magic reserves.
Your bite disrupts and absorbs the magic of your enemies.
Potions cannot restore your health.


   Skills:
 + Level 6.5 Fighting
 - Level 1.7 Short Blades
 - Level 2.4 Armour
 + Level 4.9 Dodging
 - Level 2.6 Shields
 + Level 4.3 Transmutations


You had 5 spell levels left.
You knew the following spells:

 Your Spells              Type           Power      Damage    Failure   Level
a - Wereblood             Tmut           12%        N/A       30%         2

Your spell library contained the following spells:

 Spells                   Type           Power      Damage    Failure   Level
 Sublimation of Blood     Necr           0%         N/A       88%         2
 Malign Gateway           Summ/Tloc      0%         N/A       100%        7
 Summon Hydra             Summ           0%         N/A       100%        7
 Summon Horrible Things   Summ           0%         N/A       100%        8

Inventory:

Hand Weapons
 a - a +1 rapier {short}
 g - a +0 dagger of venom (weapon) {short}
   (You took it off a kobold on level 1 of the Dungeon)
 r - the +5 glaive "Edonaun" {antimagic, *Slow rC+ rN+ SInv, polearm}
   (You took it off a gnoll on level 4 of the Dungeon)

   It reduces the magical energy of the wielder, and disrupts the spells and
   magical abilities of those it strikes.
   Natural abilities and divine invocations are not affected.
   rC:        It protects you from cold.
   rN:        It protects you from negative energy.
   SInv:      It lets you see invisible.
   *Slow:     It may slow you when you take damage.
Missiles
 e - 72 stones (quivered) {throwing}
 h - 11 boomerangs {throwing}
 j - 13 poisoned darts {throwing}
 u - a throwing net {=f!fthrowing}
 v - 6 curare-tipped darts {=fthrowing}
Armour
 b - a +0 scale mail (worn)
 c - a +0 buckler (worn)
 o - a +0 pair of boots (worn)
   (You found it on level 3 of the Dungeon)
 z - a +1 cloak of poison resistance (worn)
   (You found it on level 5 of the Dungeon)
Jewellery
 k - a +4 ring of protection (left hand)
   (You found it on level 2 of the Dungeon)
 n - a ring of fire
   (You found it on level 4 of the Dungeon)
 s - a ring of wizardry
   (You found it on level 4 of the Dungeon)
 t - an amulet of reflection (around neck)
   (You found it on level 4 of the Dungeon)
 x - a +6 ring of intelligence (right hand)
   (You found it on level 5 of the Dungeon)
Scrolls
 f - a scroll of teleportation {@r4}
 q - 3 scrolls of immolation {!r!r}
 y - a scroll of fog {unknown}
Potions
 d - a potion of cancellation {unknown}
 i - a potion of degeneration {!q@e2}
 l - a potion of curing {unknown}
 m - a potion of heal wounds {unknown}
 p - a potion of magic {unknown}
 w - a potion of resistance

Dungeon Overview and Level Annotations

Branches:
Dungeon (5/15)             Temple (0/1) D:4

Altars:
Dithmenos
Nemelex Xobeh
Ru
Uskayaw
Yredelemnul

.[.......############.≈≈.#
....................#≈...#
#######+#...........#...≈##
........#...........##.≈.(##
........#............#.†.l.#
..[.....#............÷###.((#
...##'###..............# ##(((#
...#..............W....# #.((
...#............@lo....#########
...#.....############........>..
...#.....#..........#..........(
...#.....'..........#..........(
#############.......#...........
≈##≈##§#.##.##.#..o.§(...[.
.....§...##.##.####'#######
≈##≈##≈#..............#...#
####..............#...#


You could see a phantom, a wyvern (extremely poisoned) and an orc priest.


Message History

You hit the phantom. The phantom barely misses you.
You barely miss the phantom. Your bite misses the phantom.
You block the phantom's attack.
You hit the phantom. Your bite misses the phantom.
You block the phantom's attack.
You hit the phantom. You block the orc priest's attack.
The phantom closely misses you.
You hit the phantom but do no damage. You bite the phantom.
You drain its power.
You feel invigorated. You block the orc priest's attack.
The phantom hits you but does no damage.
You closely miss the phantom. Your bite misses the phantom.
The orc priest hits you but does no damage.
The phantom hits you.
The phantom blinks!
You blink.
The wyvern hisses angrily.
You hit the phantom but do no damage. You block the phantom's attack.
You hit the phantom but do no damage. 😎 MP[+1]
Your mp is fully restored (9).
You hit the phantom. Your bite misses the phantom.
You block the phantom's attack.
You closely miss the phantom. You block the wyvern's attack.
You block the phantom's attack.
You barely miss the phantom. Your bite misses the phantom.
You block the wyvern's attack. The phantom misses you.
The wyvern bites you but does no damage.
You completely miss the phantom. Your bite misses the phantom.
The phantom hits you but does no damage.
The wyvern barely misses you.
You hit the phantom but do no damage. The wyvern misses you.
You block the phantom's attack. The wyvern bites you! 😕 HP[-7] MP[-1]
You take 7 damage, and now have 38/45 hp.
You lost 1 mp, and now have 8/9 mp.
You hit the phantom. You block the phantom's attack.
The wyvern completely misses you. 😕 HP[+1]
You hit the phantom but do no damage.
The wyvern hisses menacingly.
The wyvern bites you! The phantom barely misses you.
The wyvern barely misses you. 😮 HP[-7] MP[-1]
You take 7 damage, and now have 32/45 hp.
You lost 1 mp, and now have 7/9 mp.
You are too injured to fight recklessly!
You are too injured to fight recklessly!
You are too injured to fight recklessly!
You are too injured to fight recklessly!
You are too injured to fight recklessly!
You are too injured to fight recklessly!
You are too injured to fight recklessly!
You are too injured to fight recklessly!
Unknown command.
You hit the phantom but do no damage. The phantom barely misses you.
You block the wyvern's attack. 😮 HP[+1]
You closely miss the wyvern. Your bite misses the wyvern.
The wyvern bites you but does no damage.
The phantom hits you but does no damage.
You hit the wyvern.
The wyvern is poisoned.
Your bite misses the wyvern. You block the wyvern's attack.
The orc priest calls down the wrath of Beogh upon you.
Beogh smites you! You block the phantom's attack.
The wyvern barely misses you. 😮 HP[-9] MP[-2]
You take 9 damage, and now have 24/45 hp.
You lost 2 mp, and now have 5/9 mp.
You closely miss the wyvern. Your bite misses the wyvern.
You block the wyvern's attack. The phantom misses you. 😮 HP[+1]
You closely miss the wyvern. You bite the wyvern. You drain its power.
You feel invigorated.
The wyvern bites you but does no damage.
The phantom misses you.
The wyvern bites you but does no damage. 😮 HP[+1] MP[+1]
You hit the wyvern but do no damage.
The wyvern looks as sick as possible!
You bite the wyvern. You drain its power.
You feel invigorated. The wyvern bites you.
You block the phantom's attack. 😮 HP[-3] MP[+1]
You take 3 damage, and now have 23/45 hp.
You completely miss the wyvern. The wyvern bites you!
* * * LOW HITPOINT WARNING * * *
You block the phantom's attack.
The wyvern bites you but does no damage. 😨 HP[-7] MP[-3]
You take 7 damage, and now have 16/45 hp.
You lost 3 mp, and now have 4/9 mp.
You hit the wyvern but do no damage.
The wyvern looks as sick as possible!
The orc priest calls down the wrath of Beogh upon you.
Beogh smites you!
* * * LOW HITPOINT WARNING * * *
The wyvern barely misses you.
The phantom hits you but does no damage. 😱 HP[-9] MP[-3]
You take 9 damage, and now have 7/45 hp.
You lost 3 mp, and now have 1/9 mp. 😱 HP[+1] MP[+1]
The wyvern attacks as you move away! The wyvern misses you.
The wyvern bites you!
You die...

Skill      XL: |  1  2  3  4  5  6  7  8 |
---------------+-------------------------+-----
Fighting       | 3 4 5 6 |  6.5
Dodging        | 2 3 4 |  4.9
Transmutations | 2 3 4 |  4.3
Short Blades   | |  1.7
Armour         | |  2.4
Shields        | |  2.6

Action                   |  1- 3 |  4- 6 |  7- 9 || total
-------------------------+-------+-------+-------++-------
Melee: Rapier            |    14 |       |       ||    14
       Bite              |    11 |    23 |    91 ||   125
       Dagger            |    52 |    68 |   237 ||   357
Throw: Stone             |    84 |    34 |    65 ||   183
  Use: Scroll            |     3 |     4 |     4 ||    11
       Potion            |     1 |       |       ||     1
Armor: Scale mail        |    21 |    30 |    92 ||   143
Dodge: Dodged            |    25 |    25 |   171 ||   221
Block: Buckler           |    11 |     8 |    97 ||   116

Levels and vault maps discovered:
D:1:      dpeg_chamrin_arrival_tetris, layout_basic,
          chequers_ecumenical_altar_simple_redux,
          wander_ebering_terrifying_dragon_lair
D:2:      layout_basic, chequers_serial_rivers_small_3, uniq_sigmund
D:3:      layout_basic, gammafunk_temple_overflow_elements, serial_corexii_hall,
          corexii_hall_statues_i, corexii_hall_statues_x,
          chequers_hall_statues_y
D:4:      layout_basic, mainiacjoe_overflow_divided_tiny,
          minmay_temple_entry_gardened_gates, grunt_ministairs_2,
          bh_walls_and_bars
D:5:      layout_gridville, minmay_misc_feat_pillars,
          amcnicky_mini_corridor_feature, nzn_random_ring

Notes
Turn   | Place    | Note
-------+----------+-------------------------------------------
     0 | D:1      | spaghetti the Vine Stalker Fighter began the quest for the
                  | Orb.
     0 | D:1      | Reached XP level 1. HP: 11/11 MP: 2/2
     0 | D:1      | magus.rc [v1.9.6]
   181 | D:1      | Reached skill level 3 in Fighting
   354 | D:1      | Reached XP level 2. HP: 16/16 MP: 3/3
   397 | D:1      | Found a faded altar of an unknown god.
   410 | D:1      | Prayed at the altar of an unknown god.
   410 | D:1      | Became a worshipper of Dithmenos the Shadowed
   410 | D:1      | Reached * piety under Dithmenos
   954 | D:1      | Reached XP level 3. HP: 20/20 MP: 4/4
  1400 | D:2      | Reached ** piety under Dithmenos
  1409 | D:2      | You pick up a book of Blood and begin reading...
  1409 | D:2      | You add the spells Sublimation of Blood, Wereblood and
                  | Summon Hydra to your library.
  1413 | D:2      | Learned a level 2 spell: Wereblood
  1496 | D:2      | Reached skill level 1 in Dodging
  1514 | D:2      | Noticed Sigmund
  1525 | D:2      | Killed Sigmund
  1526 | D:2      | Reached skill level 4 in Fighting
  1526 | D:2      | Reached skill level 2 in Dodging
  1526 | D:2      | Reached skill level 2 in Transmutations
  1526 | D:2      | Gained mutation: Your natural rate of healing is unusually
                  | fast. [Vine Stalker growth]
  1526 | D:2      | Reached XP level 4. HP: 14/25 MP: 2/5
  1526 | D:2      | Reached XP level 5. HP: 16/29 MP: 2/6
  2313 | D:3      | Noticed an orc warrior
  2323 | D:3      | Reached XP level 6. HP: 21/34 MP: 3/7
  2331 | D:3      | Killed an orc warrior
  2361 | D:3      | Reached skill level 3 in Transmutations
  2366 | D:3      | Noticed a sky beast
  2379 | D:3      | Killed a sky beast
  2380 | D:3      | Reached skill level 3 in Dodging
  2380 | D:3      | Reached XP level 7. HP: 33/38 MP: 8/8
  2416 | D:3      | Found a sparkling altar of Nemelex Xobeh.
  2416 | D:3      | Found a hide-covered altar of Uskayaw.
  2543 | D:3      | Reached skill level 5 in Fighting
  2704 | D:4      | Identified the +5 glaive "Edonaun" {antimagic, *Slow rC+
                  | rN+ SInv}
  2731 | D:4      | Reached *** piety under Dithmenos
  2844 | D:4      | Found a staircase to the Ecumenical Temple.
  2862 | D:4      | Reached skill level 4 in Transmutations
  2908 | D:4      | You add the spells Malign Gateway and Summon Horrible
                  | Things to your library.
  3182 | D:4      | Reached skill level 4 in Dodging
  3284 | D:4      | Found a sacrificial altar of Ru.
  3284 | D:4      | Found a basalt altar of Yredelemnul.
  3372 | D:4      | Gained mutation: You have razor-sharp teeth. [Vine Stalker
                  | growth]
  3372 | D:4      | Reached XP level 8. HP: 29/44 MP: 6/9
  3738 | D:5      | Entered Level 5 of the Dungeon
  3836 | D:5      | Reached skill level 6 in Fighting
  4213 | D:5      | Noticed a wyvern
  4228 | D:5      | HP: 10/45 [orc priest/divine providence (9)]
  4351 | D:5      | HP: 7/45 [orc priest/divine providence (10)]
  4353 | D:5      | Slain by a wyvern

Vanquished Creatures
  Sigmund (D:2)
  An orc warrior (D:3)
  A sky beast (D:3)
  A black bear (D:5)
  A centaur (D:5)
  A necrophage (D:5)
  A bullfrog (D:3)
  3 scorpions
  5 hounds
  An orc priest (D:3)
  An orc wizard (D:3)
  2 iguanas (D:4)
  11 gnolls (D:4)
  4 adders
  A white imp (D:5)
  An ufetubus (D:3)
  4 worms
  7 orcs
  5 endoplasms
  3 giant cockroaches
  9 goblins
  6 hobgoblins
  2 jackals (D:3)
  4 quokkas
  5 ball pythons
  6 bats
  8 frilled lizards
  8 kobolds
  4 rats
107 creatures vanquished.

Vanquished Creatures (others)
  A plant (D:4)
1 creature vanquished.

Grand Total: 108 creatures vanquished

Table legend:
 A = Non-vault XP
 B = Vault XP
 C = Vault XP percentage of total XP
 D = Non-vault monster count
 E = Vault monster count
 F = Vault count percentage of total count
                 A         B        C        D         E       F
            +---------+---------+-------+---------+---------+-------
      Total |    1344 |     505 |  27.3 |      99 |       8 |   7.5
            +---------+---------+-------+---------+---------+-------
        D:1 |      36 |       1 |   2.7 |      23 |       1 |   4.2
        D:2 |      19 |     205 |  91.5 |      12 |       1 |   7.7
        D:3 |     514 |       0 |   0.0 |      29 |       0 |   0.0
        D:4 |     359 |      80 |  18.2 |      28 |       2 |   6.7
        D:5 |     416 |     219 |  34.5 |       7 |       4 |  36.4
            +---------+---------+-------+---------+---------+-------

Illustrated notes

Table legend:
 A = Kills in this place as a percentage of kills in entire the game.
 B = Kills by you in this place as a percentage of kills by you in the entire game.
 C = Kills by friends in this place as a percentage of kills by friends in the entire game.
 D = Other kills in this place as a percentage of other kills in the entire game.
 E = Experience gained in this place as a percentage of experience gained in the entire game.
 F = Experience gained in this place divided by the number of levels of this place that you have seen.
                   A       B       C       D       E      F
               +-------+-------+-------+-------+-------+----------------------
         Total | 100.0 | 100.0 |   N/A |   N/A | 100.0 | 369.8
       Dungeon | 100.0 | 100.0 |   N/A |   N/A | 100.0 | 369.8
               +-------+-------+-------+-------+-------+----------------------

Table legend: (Time is in decaauts)
 A = Elapsed time spent in this place.
 B = Non-inter-level travel time spent in this place.
 C = Inter-level travel time spent in this place.
 D = Time resting spent in this place.
 E = Time spent auto-exploring this place.
 F = Levels seen in this place.
 G = Mean time per level.
                   A        B        C        D        E       F      G
               +--------+--------+--------+--------+--------+-----+--------+
         Total |   4367 |   4203 |    164 |    175 |   3102 |   5 |  873.4 |
       Dungeon |   4367 |   4203 |    164 |    175 |   3102 |   5 |  873.4 |
               +--------+--------+--------+--------+--------+-----+--------+

Top non-repeatable levels by time:
     D:1: 1305 daAuts
     D:4: 1042 daAuts
     D:3: 716 daAuts
     D:2: 690 daAuts
     D:5: 612 daAuts
